AoeStats
← APPS Gamblear

Black Forest

511079697Analyzed
2v2 RM · 4h ago on Oct 3, 2026· 48m 27s· 4 players
Game mode
Random Map
Map size
Medium (4 player)
Population
200
Speed
Normal
Resources
Standard
Victory
Conquest
Starting age
Dark Age
Ending age
Imperial Age
RankedLock teamsTeams togetherTeam positionsShared explorationLock speedFull tech treeHidden civsTurbo modeCheats
Victory
Defeat
🇦🇷 Poles · Argentina
1062
+34
🇦🇷 Varangians · Argentina
1044
+18
🇬🇧 Burgundians · United Kingdom
1115
-19
🇦🇷 Sicilians · Argentina
1078
-17
KillerINSTIC
1:29 Loom
10:34 Feudal Age
11:35 Double-Bit Axe
15:11 Town Watch
15:52 Fletching
16:03 Padded Archer Armor
17:55 Wheelbarrow
22:09 Castle Age
21:09 Padded Archer Armor
21:01 Gold Mining
23:38 Horse Collar
29:01 Bow Saw
28:58 Heavy Plow
29:07 Crossbowman
30:21 Bodkin Arrow
31:26 Ballistics
31:51 Leather Archer Armor
31:39 Town Patrol
35:31 Imperial Age
33:56 Hand Cart
36:49 Scale Mail Armor
36:59 Forging
37:16 Bloodlines
37:13 Scale Barding Armor
38:16 Bloodlines
38:43 Cavalier
39:24 Husbandry
40:07 Gold Shaft Mining
42:04 Iron Casting
41:49 Chain Barding Armor
41:39 Pikeman
42:20 Squires
42:53 Capped Ram
devolvedreint
4:11 Loom
16:27 Feudal Age
16:18 Double-Bit Axe
16:29 Horse Collar
19:30 Bow Saw
19:27 Heavy Plow
25:31 Castle Age
24:58 Scale Barding Armor
25:05 Forging
30:38 Crop Rotation
30:09 Gold Mining
31:40 Wheelbarrow
33:01 Two-Man Saw
32:11 Stone Mining
33:00 Gold Shaft Mining
36:13 Stone Shaft Mining
38:44 Imperial Age
36:33 Caravan
37:19 Husbandry
37:15 Cavalier
38:47 Chain Barding Armor
40:40 Hand Cart
44:09 Iron Casting
44:11 Plate Barding Armor
43:21 Paladin
45:25 Conscription
46:09 Blast Furnace
47:06 Fletching
APPS Gamblear
1:28 Loom
17:10 Feudal Age
18:31 Wheelbarrow
17:52 Gold Mining
17:49 Double-Bit Axe
18:49 Man-at-Arms
20:29 Forging
20:20 Scale Mail Armor
25:27 Castle Age
25:12 Horse Collar
28:45 Heavy Plow
28:39 Light Cavalry
29:30 Bloodlines
29:21 Husbandry
30:43 Hand Cart
31:36 Iron Casting
31:06 Scale Barding Armor
33:02 Bow Saw
36:20 Stone Mining
39:35 Imperial Age
37:54 Pikeman
38:34 Squires
39:03 Ballistics
40:58 Stone Shaft Mining
39:50 Onager
41:24 Conscription
42:04 Lechitic Legacy
41:23 Winged Hussar
43:23 Crop Rotation
44:07 Blast Furnace
46:05 Chain Barding Armor
APPS SantiMedia
0:34 Loom
14:34 Feudal Age
15:08 Double-Bit Axe
19:50 Castle Age
17:33 Horse Collar
17:42 Fishing Lines
18:34 Fletching
18:46 Padded Archer Armor
19:22 Forging
19:23 Scale Barding Armor
19:19 Stone Mining
19:23 Gold Mining
21:35 Bow Saw
23:28 Gillnets
23:44 Heavy Plow
25:46 Wheelbarrow
27:41 Hand Cart
27:12 Town Watch
27:35 Elite Skirmisher
33:23 Imperial Age
31:01 Squires
31:33 Bodkin Arrow
32:19 Leather Archer Armor
33:33 Caravan
34:04 Coinage
33:37 Caravan
35:00 Conscription
34:53 Bloodlines
34:44 Husbandry
34:48 Bracer
35:59 Ballistics
36:40 Chemistry
35:50 Masonry
35:21 Treadmill Crane
36:48 Ring Archer Armor
36:41 Cranequins
37:30 Vendel Legacy
37:30 Gothikon
37:39 Cavalier
38:43 Gothikon
41:00 Elite Jarl
41:02 Gothikon
42:21 Crop Rotation
42:53 Two-Man Saw
42:51 Chain Barding Armor
43:06 Iron Casting
43:00 Town Patrol
44:25 Banking
44:05 Guilds
45:49 Plate Barding Armor
46:14 Blast Furnace
48:01 Arson
48:02 Gambesons
Connection lost

Rejoining the realm…

Still unreachable

The connection could not be restored.

Session expired

The server has moved on; the page needs a fresh start.